 Dungeon Crawl Stone Soup version 0.18.1-8-gdd0e5ea (webtiles) character file.

22178 Gagarin the Markscentaur (level 12, -15/100 HPs)
             Began as a Centaur Hunter on June 5, 2016.
             Was a High Priest of Dithmenos.
             Killed from afar by an ice dragon (25 damage)
             ... with a blast of cold
             ... on level 4 of the Lair of Beasts.
             The game lasted 01:45:25 (17320 turns).

Gagarin the Markscentaur (Centaur Hunter)          Turns: 17320, Time: 01:45:26

Health: -15/100    AC: 16    Str: 14    XL:     12   Next: 60%
Magic:  21/21      EV: 14    Int: 10    God:    Dithmenos [*****.]
Gold:   829        SH:  0    Dex: 16    Spells: 0 memorised, 11 levels left

rFire  x . .     SeeInvis .     a - +1 shortbow
rCold  + . .     Gourm    .     h - +3 leather armour of Unambiguity {-Cast rPois MP+9 Stlth+}
rNeg   . . .     Faith    .     (shield currently unavailable)
rPois  +         Spirit   .     s - +2 helmet
rElec  .         Dismiss  .     U - +0 cloak
rCorr  .         Reflect  .     E - +0 pair of gloves
SustAt .         Harm     .     (no barding)
MR     .....     NoCast   +     C - amulet of regeneration
Stlth  ++++......               o - +3 ring of protection
                                g - ring of ice

@: wreathed by umbra, very quick, not resistant to hostile enchantments,
stealthy
A: hooves 3, deformed body, speed 2, tough skin 3
a: Shadow Step, Shadow Form, Renounce Religion


You were on level 4 of the Lair of Beasts.
You worshipped Dithmenos.
Dithmenos was extremely pleased with you.
You were not hungry.

You visited 3 branches of the dungeon, and saw 15 of its levels.

You collected 829 gold pieces.

Inventory:

Hand Weapons
 a - a +1 shortbow (weapon)
 O - a +2 flail of venom
Missiles
 J - 2 arrows (quivered)
Armour
 h - the +3 leather armour of Unambiguity (worn) {-Cast rPois MP+9 Stlth+}
   (You found it on level 6 of the Dungeon)

   It protects you from poison.
   It affects your magic capacity (+9).
   It prevents spellcasting.
   It makes you more stealthy.
 s - a +2 helmet (worn)
 E - a +0 pair of gloves (worn)
 U - a +0 cloak (worn)
Jewellery
 g - a ring of ice (left hand)
 o - a +3 ring of protection (right hand)
 C - an amulet of regeneration (around neck)
 P - an uncursed ring of see invisible
Wands
 d - a wand of iceblast (15/15)
 p - a wand of lightning (9/15)
 K - a wand of digging (16/24)
 N - a wand of disintegration (11/24)
 Z - a wand of confusion (25/48)
Scrolls
 b - a scroll of holy word {unknown}
 e - 9 scrolls of remove curse
 i - a scroll of immolation {unknown}
 l - 7 scrolls of identify
 n - 8 scrolls of teleportation
 r - 3 scrolls of recharging
 u - 6 scrolls of blinking
 v - 4 scrolls of magic mapping
 w - a scroll of enchant weapon {unknown}
 B - a scroll of fear
 D - 3 scrolls of fog
 G - a scroll of vulnerability {unknown}
 L - a scroll of random uselessness {unknown}
Potions
 j - 3 potions of invisibility
 k - a potion of ambrosia {unknown}
 m - a potion of mutation {unknown}
 q - a potion of curing
 t - 3 potions of flight {unknown}
 A - 2 potions of haste
 F - 3 potions of might
 H - a potion of magic {unknown}
 M - a potion of agility {unknown}
 R - a potion of berserk rage {unknown}
 W - a potion of resistance {unknown}
 Y - a potion of cancellation {unknown}
Miscellaneous
 I - a stone of tremors
Comestibles
 c - 5 meat rations
 f - 11 bread rations


   Skills:
 + Level 7.1 Fighting
 + Level 6.2 Maces & Flails
 + Level 18.1 Bows
 + Level 4.0 Armour
 + Level 8.0 Dodging
 + Level 2.9 Stealth
 + Level 0.2 Invocations


You had 11 spell levels left.
You didn't know any spells.

Dungeon Overview and Level Annotations

Branches:
Dungeon (10/15)            Temple (1/1) D:5            Lair (4/8) D:10
  Swamp: Lair:3-6    Shoals: Lair:3-6     Snake: Lair:3-6    Spider: Lair:3-6
    Orc: D:9-12

Altars:
Ashenzari
Cheibriados
Dithmenos
Elyvilon
Fedhas
Gozag
Kikubaaqudgha
Makhleb
Nemelex Xobeh
Okawaru
Pakellas
Qazlal
Ru
Sif Muna
Trog
Vehumet
Xom
Yredelemnul
Zin
The Shining One

Shops:
D:4 [


Innate Abilities, Weirdness & Mutations

You have hooves in place of feet.
Armour fits poorly on your strangely shaped body.
You cover ground very quickly.
You have extremely tough skin (AC +3).


Message History

Firing (i - inventory):
J - an arrow (quivered)
Press: ? - help, Shift-Dir - straight line, f/p - ice dragon
Aim: an ice dragon (severely wounded, poisoned, umbra)
You shoot an arrow.
The arrow hits the ice dragon but does no damage.
The ice dragon is severely wounded.
You see here 2 arrows.
J - 2 arrows The ice dragon breathes frost at you.
The blast of cold hits you! You resist.
* * * LOW HITPOINT WARNING * * *
Drink which item? (? for menu, Esc to quit)
You feel better.
You see here 2 arrows.
The ice dragon breathes frost at you. The blast of cold hits you! You resist.
* * * LOW HITPOINT WARNING * * *
The ice dragon breathes frost at you. The blast of cold hits you! You resist.
You die...

.###.............P....##.###P....
..P..............#........P#.....
............#.#.#................
............P..#.................
...[.............................
..............................[..
.................................
.................................
#...............@................
.≈≈..#....P#..##.......P##.##....
≈≈≈.......##..#.#....#.######....
≈≈...#....#............######....
≈...............#......#.........
...≈≈.#...P#.D<......###....#....
≈≈≈≈≈≈.(..............##.........
#≈#≈≈≈.........#......##...##....
##.≈≈......#.####....####P..#....


You could see an ice dragon.

Vanquished Creatures
  Fannar (Lair:2)
  A hydra (Lair:2)
  2 hill giants
  Pikel (D:4)
  The ghost of junkhipster the Shield-Bearer, a novice HOFi of Zin (D:6)
  An elephant (D:10)
  A black mamba (Lair:3)
  Psyche (D:9)
  5 spiny frogs
  6 komodo dragons
  Prince Ribbit (D:7)
  9 blink frogs (Lair:3)
  2 two-headed ogres (D:8)
  11 yaks
  2 wyverns
  3 humans (D:7)
  A basilisk (Lair:1)
  4 hippogriffs
  19 water moccasins
  8 porcupines
  4 sky beasts
  3 ice beasts
  3 necrophages
  An eye of draining (D:8)
  2 phantoms
  6 ogres
  3 centaurs
  4 wolves (Lair:1)
  7 crocodiles
  11 giant frogs
  3 big kobolds
  2 scorpions
  8 wights
  4 electric eels
  8 howler monkeys
  3 crimson imps
  A giant frog zombie (D:7)
  2 centaur zombies
  7 jellies
  2 giant frog skeletons
  7 orc priests
  4 iguanas
  9 orc wizards
  6 worker ants
  A killer bee zombie (D:5)
  3 sheep (D:7)
  A hound skeleton (D:8)
  A worker ant zombie (D:6)
  62 river rats
  24 adders
  2 shadow imps
  2 white imps (Lair:4)
  An adder zombie (D:5)
  4 worms
  4 dart slugs
  4 giant geckos
  28 orcs
  6 giant cockroaches
  6 goblins
  6 hobgoblins
  21 jackals
  6 quokkas
  6 bats
  2 giant gecko skeletons
  2 giant newts
  15 kobolds
  A quokka skeleton (D:4)
  6 rats
404 creatures vanquished.

Vanquished Creatures (others)
  A slave (D:5)
  An ogre (D:5)
  A sky beast (D:5)
  A river rat (Lair:2)
  3 fungi
  6 plants
13 creatures vanquished.

Grand Total: 417 creatures vanquished

Notes
Turn   | Place    | Note
--------------------------------------------------------------
     0 | D:1      | Gagarin the Centaur Hunter began the quest for the Orb.
     0 | D:1      | Reached XP level 1. HP: 17/17 MP: 1/1
   121 | D:1      | Reached XP level 2. HP: 24/24 MP: 2/2
   280 | D:1      | Reached skill level 6 in Bows
   781 | D:1      | Reached XP level 3. HP: 29/29 MP: 3/3
  1119 | D:2      | Found a sacrificial altar of Ru.
  1736 | D:2      | Reached XP level 4. HP: 36/36 MP: 4/4
  1903 | D:2      | Reached skill level 7 in Bows
  2060 | D:2      | Found a deep blue altar of Sif Muna.
  2504 | D:3      | Reached XP level 5. HP: 11/42 MP: 5/5
  2858 | D:3      | Reached skill level 1 in Armour
  3542 | D:4      | Noticed an ogre
  3555 | D:4      | Killed an ogre
  3555 | D:4      | Reached skill level 8 in Bows
  3555 | D:4      | Reached XP level 6. HP: 50/50 MP: 6/6
  3574 | D:4      | Found Yfoiffof's Armour Emporium.
  3710 | D:4      | Found a shimmering altar of Xom.
  4551 | D:4      | Reached skill level 9 in Bows
  4551 | D:4      | Reached XP level 7. HP: 55/56 MP: 7/7
  4768 | D:5      | Entered Level 5 of the Dungeon
  4808 | D:5      | Found a staircase to the Ecumenical Temple.
  4809 | D:5      | Noticed Pikel
  4964 | D:4      | Killed Pikel
  4964 | D:4      | Reached skill level 1 in Maces & Flails
  4964 | D:4      | Reached skill level 10 in Bows
  4964 | D:4      | Reached XP level 8. HP: 62/62 MP: 8/8
  5153 | Temple   | Entered the Ecumenical Temple
  5308 | Temple   | Became a worshipper of Dithmenos the Shadowed
  5329 | D:5      | You fall through a shaft!
  5329 | D:6      | Noticed junkhipster's ghost (novice HOFi)
  5382 | D:5      | Reached skill level 11 in Bows
  6087 | D:5      | Reached * piety under Dithmenos
  6283 | D:6      | Reached skill level 12 in Bows
  6296 | D:6      | Got a smelly leather armour
  6307 | D:6      | Identified the +3 leather armour of Unambiguity {-Cast rPois MP+9 Stlth+} (You found it on level 6 of the Dungeon)
  6403 | D:6      | Reached skill level 1 in Stealth
  6564 | D:6      | Killed junkhipster's ghost
  6564 | D:6      | Reached skill level 13 in Bows
  6564 | D:6      | Reached XP level 9. HP: 70/70 MP: 9/9
  7230 | D:7      | Noticed Prince Ribbit
  7248 | D:7      | Killed Prince Ribbit
  7352 | D:7      | Reached ** piety under Dithmenos
  7438 | D:7      | Reached skill level 14 in Bows
  7805 | D:7      | Reached XP level 10. HP: 78/78 MP: 10/10
  7903 | D:7      | Found a burning altar of Makhleb.
  7980 | D:7      | Found a glowing golden altar of the Shining One.
  7991 | D:7      | Found a basalt altar of Yredelemnul.
  8188 | D:7      | Found an iron altar of Okawaru.
  8399 | D:7      | Noticed an angel
  8601 | D:8      | Reached skill level 15 in Bows
  8601 | D:8      | Reached skill level 5 in Dodging
  8656 | D:8      | Got a brightly glowing long sword
  8658 | D:8      | Identified the +7 long sword of Fiehi {flame, rN+} (You found it on level 8 of the Dungeon)
  8901 | D:8      | Found a sparkling altar of Nemelex Xobeh.
  9335 | D:8      | Reached *** piety under Dithmenos
  9566 | D:9      | Found an oddly glowing altar of Pakellas.
  9642 | D:9      | Noticed a hill giant
  9694 | D:9      | Killed a hill giant
  9694 | D:9      | Reached skill level 16 in Bows
  9843 | D:9      | Noticed Psyche
  9861 | D:9      | Killed Psyche
  9869 | D:9      | Found an opulent altar of Gozag.
  9912 | D:9      | Reached skill level 5 in Fighting
  9962 | D:9      | Found a blossoming altar of Fedhas.
  9975 | D:9      | Found a stormy altar of Qazlal.
 10113 | D:9      | Found a snail-covered altar of Cheibriados.
 10215 | D:9      | Found a radiant altar of Vehumet.
 10237 | D:10     | Entered Level 10 of the Dungeon
 10487 | D:10     | Noticed a hill giant
 10557 | D:10     | Killed a hill giant
 10557 | D:10     | Reached XP level 11. HP: 86/86 MP: 11/11
 10698 | D:10     | Found a staircase to the Lair.
 10931 | D:10     | Reached skill level 17 in Bows
 11045 | D:10     | Reached **** piety under Dithmenos
 11078 | Lair:1   | Entered Level 1 of the Lair of Beasts
 11909 | Lair:1   | Got a brightly glowing plate armour
 11910 | Lair:1   | Identified the +6 plate armour of Buibodiq {Dex+5} (You found it on level 1 of the Lair of Beasts)
 12449 | Lair:2   | Noticed Fannar
 12793 | Lair:2   | Killed Fannar
 13574 | Lair:2   | Reached skill level 5 in Maces & Flails
 13872 | Lair:2   | Reached XP level 12. HP: 52/96 MP: 12/12
 13966 | Lair:2   | Noticed a six-headed hydra
 14996 | Lair:2   | Killed a six-headed hydra
 15173 | Lair:3   | Reached skill level 18 in Bows
 16872 | Lair:4   | Reached ***** piety under Dithmenos
 16957 | Lair:4   | Noticed an ice dragon
 17320 | Lair:4   | Killed from afar by an ice dragon

Skill      XL: |  1  2  3  4  5  6  7  8  9 10 11 12 |
---------------+-------------------------------------+-----
Bows           | 6 7 8 9 10 13 14 16 17 18 | 18.1
Dodging        | 2 3 4 5 6 8 |  8.0
Armour         | 1 2 3 4 |  4.0
Maces & Flails | 1 2 3 5 6 |  6.2
Fighting       | 3 4 5 6 7 |  7.1
Stealth        | 1 2 |  2.9
Invocations    | |  0.2

Action                   |  1- 3 |  4- 6 |  7- 9 | 10-12 || total
-------------------------+-------+-------+-------+-------++-------
Melee: Club              |    36 |    77 |       |       ||   113
       Kick              |     4 |    30 |    47 |   280 ||   361
       Flail             |       |    54 |    64 |   947 ||  1065
       Whip              |       |       |   143 |       ||   143
 Fire: Shortbow          |   115 |   124 |   271 |   446 ||   956
Invok: Shadow Step       |       |       |       |     1 ||     1
Evoke: Wand              |       |       |       |     3 ||     3
  Use: Scroll            |       |       |     3 |    19 ||    22
       Potion            |       |       |     3 |    11 ||    14
 Stab: Sleeping          |       |       |     1 |    12 ||    13
       Distracted        |       |       |       |     3 ||     3
  Eat: Chunk             |     2 |     7 |     8 |    24 ||    41
       Pizza             |       |       |       |     1 ||     1
       Fruit             |       |       |       |     3 ||     3
Armor: Leather armour    |    33 |    57 |    84 |   423 ||   597
Dodge: Dodged            |    46 |    88 |   150 |  1000 ||  1284
